 Dungeon Crawl Stone Soup version 0.29-a0-664-gff9cad4a3d (webtiles) character file.

Game seed: 3591438479092939268

107 Dordric the Grasshopper (level 4, -5/34 HPs)
             Began as a Barachi Warper on June 22, 2022.
             Slain by an iguana (6 damage)
             ... on level 3 of the Dungeon.
             The game lasted 00:04:49 (3503 turns).

Dordric the Grasshopper (Barachi Warper)            Turns: 3503, Time: 00:04:49

Health: -5/34      AC:  5    Str: 15    XL:     4   Next: 85%
Magic:  4/7        EV: 11    Int: 13    God:
Gold:   826        SH:  0    Dex: 11    Spells: 5/7 levels left

rFire   + . .      SeeInvis +   a - +1 falchion
rCold   . . .      Faith    .   (no shield)
rNeg    . . .      Spirit   .   i - +0 ring mail
rPois   .          Reflect  .   (no helmet)
rElec   .          Harm     .   (no cloak)
rCorr   .          Rampage  .   (no gloves)
Will    .....                   (no boots)
Stlth   +.........              (no amulet)
HPRegen 0.11/turn               s - ring of protection from fire
MPRegen 0.10/turn               f - ring of see invisible

@: unable to hop, very slightly contaminated, slow
A: amphibious, slowness 1, strong legs 1, +LOS
a: Hop


You were on level 3 of the Dungeon.
You visited 1 branch of the dungeon, and saw 3 of its levels.

You collected 826 gold pieces.

Inventory:

Hand Weapons
 a - a +1 falchion (weapon)
Missiles
 d - 2 boomerangs of dispersal (quivered)
Armour
 b - a +0 leather armour
 i - a +0 ring mail (worn)
Jewellery
 f - a ring of see invisible (right hand)
 s - a ring of protection from fire (left hand)
 t - a ring of wizardry
Scrolls
 c - a scroll of blinking
 e - a scroll of enchant armour
 g - a scroll of poison
 j - a scroll of summoning
 q - a scroll of teleportation
 r - a scroll of identify
Potions
 h - 2 potions of heal wounds {unknown}
 k - 3 potions of brilliance {unknown}
 l - 2 potions of resistance {unknown}
 m - 3 potions of curing {unknown}
 n - a potion of cancellation {unknown}
 o - 2 potions of flight {unknown}
 p - 2 potions of ambrosia {unknown}


   Skills:
 - Level 2.4 Fighting
 + Level 4.4 Long Blades
 - Level 1.0 Throwing
 - Level 1.2 Armour
 - Level 2.1 Dodging
 - Level 2.1 Spellcasting
 + Level 4.8 Translocations


You had 5 spell levels left.
You knew the following spells:

 Your Spells              Type           Power      Damage    Failure   Level
a - Blink                 Tloc           26%        N/A       10%         2

Your spell library contained the following spells:

 Spells                   Type           Power      Damage    Failure   Level
 Gell's Gravitas          Tloc           13%        N/A       21%         3
 Lesser Beckoning         Tloc           13%        N/A       21%         3
 Teleport Other           Tloc           13%        N/A       21%         3
 Conjure Flame            Conj/Fire      1%         6-21      82%         3
 Ignite Poison            Fire/Tmut/Pois 1%         N/A       82%         3
 Manifold Assault         Tloc           13%        N/A       88%         5
 Sticky Flame             Conj/Fire      1%         2d3       99%         4


Dungeon Overview and Level Annotations

Branches:
Dungeon (3/15)

Altars:

Shops:
D:1 [   D:2 (


Innate Abilities, Weirdness & Mutations

You are amphibious.
You cover ground slowly.
You can hop short distances.
You have an extended range of vision and can be seen from far away.


Message History

Throw: 5 boomerangs (disperse)
Press: ? - help, Shift-Dir - straight line, f/p - iguana
Aim: an iguana (lightly wounded, 60% to hit)
You throw a boomerang of dispersal.
The boomerang of dispersal hits the iguana but does no damage.
The iguana is lightly wounded.
The iguana bites you.
* * * LOW HITPOINT WARNING * * *
Throw: 4 boomerangs (disperse)
Press: ? - help, Shift-Dir - straight line, f/p - iguana
Aim: an iguana (lightly wounded, 60% to hit)
You throw a boomerang of dispersal.
The boomerang of dispersal completely misses the iguana.
The iguana barely misses you.
Unknown command.
Throw: 3 boomerangs (disperse)
Press: ? - help, Shift-Dir - straight line, f/p - iguana
Aim: an iguana (lightly wounded, 60% to hit)
You throw a boomerang of dispersal.
The boomerang of dispersal hits the iguana.
The iguana blinks!
The iguana is lightly wounded.
Hop to where?
Press: ? - help, Dir - move target, p - iguana Boing!
There is an open door here.
Okay, then.
Casting: Blink (safe; 10% risk of failure)
Confirm with . or Enter, or press ? or * to list all spells.
You blink.
You feel stable enough to blink again. The iguana closely misses you.
The iguana attacks as you move away! The iguana bites you!
* * * LOW HITPOINT WARNING * * *
Casting: Blink (safe; 10% risk of failure)
Confirm with . or Enter, or press ? or * to list all spells.
You miscast Blink.
You are very lightly contaminated with residual magic.
Nothing appears to happen.
The iguana bites you.
You die...

######### #.......# ####
#.......##########...
#...@................
#..l........##.......
########........##.##.###.##
#...............##.##.###...
#.......####>...............
#.........##.##.##.##.###...
#.........##.##.##.#........
#######...'.....##.#..####).
#...##.##.............


You could see an iguana.

Vanquished Creatures
  3 adders (D:3)
  A dart slug (D:3)
  5 bats (D:1)
  4 endoplasms
  2 giant cockroaches
  5 goblins
  10 hobgoblins
  6 jackals
  10 kobolds
  4 quokkas
  8 ball pythons
  8 frilled lizards
  7 rats
73 creatures vanquished.

Vanquished Creatures (others)
  4 plants (D:1)
4 creatures vanquished.

Grand Total: 77 creatures vanquished

Notes
Turn   | Place    | Note
-------+----------+-------------------------------------------
     0 | D:1      | Dordric the Barachi Warper began the quest for the Orb.
     0 | D:1      | Reached XP level 1. HP: 17/17 MP: 3/3
   192 | D:1      | Reached XP level 2. HP: 23/23 MP: 5/5
   704 | D:1      | Reached XP level 3. HP: 9/28 MP: 6/6
  1193 | D:1      | Found Vocu's Armour Shoppe.
  1382 | D:1      | Found a faded altar of an unknown god.
  1621 | D:1      | Learned a level 2 spell: Blink
  2035 | D:1      | Identified a scroll of acquirement
  2037 | D:1      | Acquired 682 gold pieces
  2075 | D:2      | Found Goj Adup's Weapon Shop.
  2407 | D:3      | Reached XP level 4. HP: 34/34 MP: 7/7
  3502 | D:3      | HP: 1/34 [iguana (8)]
  3503 | D:3      | Slain by an iguana

Illustrated notes

Levels and vault maps discovered:
D:1:      nicolae_arrival_memento_mori, layout_loops_cross,
          hellmonk_ecumenical_altar_pennies_from_heaven, serial_shops,
          nicolae_lakefront_shop, lexackson_kobold_supper
D:2:      layout_loops_cross, serial_shops,
          nicolae_shop_temple_entry_statues_fountains
D:3:      layout_basic, minmay_between

Skill      XL: |  1  2  3 |
---------------+----------+-----
Long Blades    | 3 4 |  4.4
Translocations | 4 |  4.8
Fighting       | |  2.4
Throwing       | |  1.0
Armour         | |  1.2
Dodging        | |  2.1
Spellcasting   | |  2.1

Action                   |  1- 3 |  4- 6 || total
-------------------------+-------+-------++-------
Melee: Falchion          |   169 |   103 ||   272
       Punch             |     4 |     1 ||     5
Throw: Boomerang         |       |     5 ||     5
 Cast: Blink             |       |     1 ||     1
 Abil: Hop               |       |     1 ||     1
  Use: Scroll            |     5 |     2 ||     7
Armor: Leather armour    |    12 |       ||    12
       Ring mail         |    56 |    41 ||    97
Dodge: Dodged            |   110 |    51 ||   161

Table legend: (Time is in decaauts)
 A = Elapsed time spent in this place.
 B = Non-inter-level travel time spent in this place.
 C = Inter-level travel time spent in this place.
 D = Time resting spent in this place.
 E = Time spent auto-exploring this place.
 F = Levels seen in this place.
 G = Mean time per level.
                   A        B        C        D        E       F      G
               +--------+--------+--------+--------+--------+-----+--------+
         Total |   3853 |   3733 |    120 |    100 |   2978 |   3 | 1284.3 |
       Dungeon |   3853 |   3733 |    120 |    100 |   2978 |   3 | 1284.3 |
               +--------+--------+--------+--------+--------+-----+--------+

Top non-repeatable levels by time:
     D:1: 1824 daAuts
     D:3: 1188 daAuts
     D:2: 840 daAuts
